 Dungeon Crawl Stone Soup version 0.22-b1-59-g0aedee7 (webtiles) character file.

104280 Loudmushroom the Severer (level 15, -1/111 HPs)
             Began as a Minotaur Berserker on Aug 8, 2018.
             Was the Champion of Trog.
             Killed from afar by a vampire mage (25 damage)
             ... with a bolt of negative energy
             ... on level 3 of the Abyss on Aug 9, 2018.
             The game lasted 04:01:49 (29056 turns).

Loudmushroom the Severer (Minotaur Berserker)      Turns: 29056, Time: 04:01:49

Health: -1/111     AC: 23    Str: 21      XL:     15   Next: 91%
Magic:  0/17       EV: 15    Int:  0 (4)  God:    Trog [******]
Gold:   1607       SH:  0    Dex: 15      Spells: 14/14 levels left

rFire    + . .     SeeInvis .   a - +5 battleaxe "Haatt" {flame, Dex+2}
rCold    . . .     Gourm    .   (shield currently unavailable)
rNeg     . . .     Faith    .   Y - +2 chain mail {rPois}
rPois    +         Spirit   +   L - +2 hat
rElec    .         Reflect  .   x - +2 cloak {MR+}
rCorr    .         Harm     .   w - +2 pair of gloves
MR       +++..                  f - +2 pair of boots {Fly}
Stlth    ..........             m - amulet of guardian spirit
HPRegen  0.28/turn              y - ring of protection from fire
MPRegen  0.15/turn              P - ring of protection from magic

@: flying, slowed, lost intelligence, drained, very slow
A: retaliatory headbutt, horns 2, [blurry vision 2], [clumsy 1], deformed body,
deterioration 1, [frail 2], [low mp 1], [weak 1], [no potion heal 1]
a: Berserk, Trog's Hand, Brothers in Arms, Renounce Religion, Stop Flying


You were on level 3 of the Abyss.
You worshipped Trog.
Trog was exalted by your worship.
You were not hungry.

You visited 4 branches of the dungeon, and saw 21 of its levels.
You visited the Abyss 1 time.

You collected 1829 gold pieces.
You spent 222 gold pieces at shops.

Inventory:

Hand Weapons
 a - the +5 battleaxe "Haatt" (weapon) {flame, Dex+2}
   (Trog gifted it to you on level 6 of the Lair of Beasts)

   It has been specially enchanted to burn those struck by it, causing extra
   injury to most foes and up to half again as much damage against particularly
   susceptible opponents.
   Big, fiery blades are also staple armaments of hydra-hunters.
   It affects your dexterity (+2).
 b - a +4 arbalest of freezing
 o - a +0 broad axe of electrocution
 K - a +3 war axe
 M - a +0 blowgun
 V - a +3 antimagic executioner's axe
Missiles
 d - 19 tomahawks (quivered)
 e - 14 poisoned tomahawks
 s - 61 bolts
 A - 51 poisoned needles
Armour
 f - a +2 pair of boots of flying (worn)
 t - a +4 chain mail
 w - a +2 pair of gloves (worn)
 x - a +2 cloak of magic resistance (worn)
 L - a +2 hat (worn)
 N - +0 acid dragon scales
 Q - a +3 scale mail of magic resistance
 W - a +2 scale mail of fire resistance
 Y - a +2 chain mail of poison resistance (worn)
Jewellery
 m - an amulet of guardian spirit (around neck)
 y - a ring of protection from fire (left hand)
 P - a ring of protection from magic (right hand)
Wands
 h - a wand of polymorph (19)
 q - a wand of clouds (4)
 r - a wand of scattershot (7)
 v - a wand of flame (71)
 C - a wand of acid (30)
 T - a wand of iceblast (17)
 U - a wand of paralysis (8)
 X - a wand of digging (13)
Scrolls
 g - 6 scrolls of magic mapping
 k - 14 scrolls of remove curse
 p - 6 scrolls of fog
 B - a scroll of enchant armour
 F - 4 scrolls of teleportation
 H - 2 scrolls of enchant weapon
 R - 2 scrolls of fear
 S - 3 scrolls of identify
Potions
 i - a potion of cancellation {unknown}
 l - 3 potions of haste
 n - 4 potions of lignification
 u - 8 potions of curing
 z - 2 potions of agility
 D - 2 potions of resistance
 E - 2 potions of mutation
 G - 2 potions of berserk rage
 I - 2 potions of invisibility
 O - 3 potions of might
Comestibles
 c - 19 rations
 j - 2 chunks of flesh


   Skills:
 + Level 14.7(13.9) Fighting
 * Level 19.6(18.6) Axes
 + Level 14.6(13.7) Armour
 + Level 13.5(12.7) Dodging
 + Level 8.0(7.3) Evocations


You had 14 spell levels left.
You didn't know any spells.
Your spell library contained the following spells:

 Spells                   Type           Power        Failure   Level  Hunger
 Confuse                  Hex            #.......     100%        3    ####...
 Teleport Other           Tloc           #.......     100%        3    ####...
 Summon Small Mammal      Summ           #...         99%         1    ##.....
 Blink                    Tloc           N/A          99%         2    ###....
 Summon Ice Beast         Ice/Summ       #.......     100%        4    #####..
 Call Imp                 Summ           #.......     99%         2    ###....
 Tukima's Dance           Hex            #.......     100%        3    ####...
 Call Canine Familiar     Summ           #.......     100%        3    ####...
 Ensorcelled Hibernation  Hex/Ice        #.....       99%         2    ###....
 Corona                   Hex            #......      99%         1    ##.....
 Passage of Golubria      Tloc           N/A          100%        4    #####..
 Shroud of Golubria       Chrm/Tloc      #.........   99%         2    ###....
 Dazzling Spray           Conj/Hex       #.....       100%        3    ####...
 Summon Lightning Spire   Summ/Air       #.......     100%        4    #####..
 Summon Guardian Golem    Hex/Summ       #.......     100%        3    ####...
 Gell's Gravitas          Tloc           #.........   100%        3    ####...
 Lesser Beckoning         Tloc           #.........   100%        3    ####...


Dungeon Overview and Level Annotations

Branches:
Dungeon (12/15)            Temple (0/1) D:7            Lair (6/6) D:10
  Swamp (1/4) Lair:4        Snake (0/4) Lair:3        Slime (0/5) Lair:6
    Orc (2/2) D:12            Elf (0/3) Orc:2

Altars:
Dithmenos
Elyvilon
Fedhas
Gozag
Kikubaaqudgha
Makhleb
Nemelex Xobeh
Okawaru
Qazlal
Ru
Xom
The Shining One
Jiyva

Shops:
D:10 !   D:11 [   Orc:2 [*(%:

Annotations:
Lair:6 1 runed door


Innate Abilities, Weirdness & Mutations

You reflexively headbutt those who attack you in melee.
You have a pair of horns on your head.
Armour fits poorly on your strangely shaped body.
Your body sometimes deteriorates upon taking damage.
[Scrolls take you longer to read.]
[You are clumsy. (Dex -2)]
[You are very frail. (-20% HP)]
[Your magical capacity is low. (-10% MP)]
[You are weak. (Str -2)]
[Potions are less effective at restoring your health.]


Message History

The small abomination barely misses you.
You furiously retaliate!
You headbutt the small abomination.
The hell hog bites you but does no damage.
You slice the hell hog!!
You kill the hell hog!
Trog accepts your kill.
You feel the corruption within you wane somewhat.
You feel stronger.
Your system mostly accepts the healing effects of potions.
You feel a little more calm.
You feel agile.
You hit something but do no damage. You barely miss the wretched star.
You closely miss the small abomination.
You hit the large abomination but do no damage.
Something hits you but does no damage. Something bites you but does no damage.
The large abomination barely misses you.
The small abomination hits you but does no damage.
You hear some strange, mumbled words.
A bolt of negative energy appears from out of thin air!
The bolt of negative energy hits you!
You feel drained.
You die...

.. .# # ...#
.#. ### ..
..###.#### .
#.#X....# #
#†@8...#.# # .
#..#{*x.....# .
.
.##.##ZW.#..#..
. .. ....†##
.... ...8.....#
### .♣#.#...♣
.. #...#.♣#. ♣
#.♣♣##.§..#
..... #.#♣ #


You could see a wretched star, a flayed ghost, a large abomination, a spectral
ogre and a small abomination.

Vanquished Creatures
  A lich (Abyss:3)
  Nessos (Orc:2)
  2 ettins
  Josephine (Lair:6)
  12 hydras
  6 ghost crabs (Swamp:1)
  A centaur warrior (D:12)
  5 alligators (Swamp:1)
  4 two-headed ogres
  The ghost of Wucierhi the Arsonist, a journeyman DEFE of Vehumet (D:12)
  A death knight (D:11)
  4 hell hogs (Abyss:3)
  4 orc high priests (Orc:2)
  Urug (Lair:2)
  7 skeletal warriors
  4 spriggan druids (Swamp:1)
  6 orc knights
  A shambling mangrove (Swamp:1)
  6 orc sorcerers
  An ugly thing (D:11)
  3 elephants
  A centaur zombie (D:10)
  3 apocalypse crabs (Swamp:1)
  Maurice (D:8)
  4 black mambas
  Psyche (D:8)
  2 gargoyles
  A rime drake (Lair:4)
  A kobold demonologist (D:10)
  8 komodo dragons
  26 spiny frogs
  7 trolls
  A polar bear (Lair:4)
  Grinder (D:4)
  Prince Ribbit (D:8)
  5 tyrant leeches
  10 hippogriffs
  3 hornets
  5 slime creatures (Swamp:1)
  20 dream sheep
  13 blink frogs
  7 wraiths
  Sigmund (D:4)
  A shadow (D:11)
  A spriggan (Swamp:1)
  5 wyverns
  4 basilisks
  A neqoxec (Abyss:3)
  77 yaks
  3 hungry ghosts
  14 vampire mosquitoes
  4 swamp worms (Swamp:1)
  Menkaure (D:5)
  3 insubstantial wisps (Swamp:1)
  Edmund (D:6)
  7 wargs
  10 water moccasins
  8 porcupines
  An acid dragon (D:10)
  Duvessa (D:6)
  5 phantoms
  4 black bears
  5 ice beasts
  13 ogres
  5 sky beasts
  3 swamp drakes (Swamp:1)
  24 orc warriors
  16 centaurs
  23 wolves
  15 crocodiles
  A big kobold (D:12)
  29 bullfrogs
  6 scorpions
  Dowan (D:6)
  2 troll zombies (D:12)
  12 wights
  An electric eel (Lair:6)
  2 howler monkeys
  3 jellies
  6 crimson imps
  A bullfrog zombie (D:10)
  Crazy Yiuf (D:2)
  6 hounds
  2 centaur skeletons
  17 orc priests
  A gnoll shaman (D:5)
  4 bullfrog skeletons
  4 iguanas
  33 orc wizards
  9 worker ants
  A killer bee zombie (D:9)
  A small abomination (Abyss:3)
  6 ogre zombies (D:12)
  A hound zombie (D:10)
  2 hound skeletons (D:5)
  A worker ant zombie (D:11)
  12 gnolls
  15 adders
  A shadow imp (D:10)
  An ufetubus (Abyss:3)
  An adder zombie (D:8)
  An adder skeleton (D:4)
  2 worms
  4 dart slugs (D:2)
  6 leopard geckos
  76 orcs
  5 bats
  2 giant cockroaches
  6 goblins
  5 hobgoblins
  12 jackals
  9 kobolds
  4 quokkas
  3 ball pythons
  5 frilled lizards
  3 goblin zombies (D:12)
  A hobgoblin skeleton (D:12)
  5 hobgoblin zombies (D:12)
  3 orc skeletons (D:12)
  13 orc zombies (D:12)
  2 quokka zombies
  5 rats
  9 fungi
  7 plants
820 creatures vanquished.

Vanquished Creatures (others)
  A spriggan druid (Swamp:1)
  A worker ant (D:5)
  14 fungi
  40 plants
56 creatures vanquished.

Grand Total: 876 creatures vanquished

Notes
Turn   | Place    | Note
-------+----------+-------------------------------------------
     0 | D:1      | Loudmushroom the Minotaur Berserker began the quest for the Orb.
     0 | D:1      | Reached XP level 1. HP: 19/19 MP: 0/0
   394 | D:1      | Reached XP level 2. HP: 26/27 MP: 1/1
   491 | D:1      | Reached skill level 4 in Axes
   992 | D:2      | Reached XP level 3. HP: 27/33 MP: 2/2
   994 | D:2      | Reached ** piety under Trog
  1292 | D:2      | Reached XP level 4. HP: 22/40 MP: 3/3
  2056 | D:2      | Found a runed door.
  2060 | D:2      | Noticed Crazy Yiuf
  2066 | D:2      | Killed Crazy Yiuf
  2066 | D:2      | Reached skill level 5 in Axes
  2222 | D:3      | Reached XP level 5. HP: 41/47 MP: 4/4
  2541 | D:3      | Found a white marble altar of Elyvilon.
  2824 | D:4      | Reached *** piety under Trog
  2883 | D:4      | Reached XP level 6. HP: 54/55 MP: 3/5
  3006 | D:4      | Found a sparkling altar of Nemelex Xobeh.
  3290 | D:4      | Noticed Sigmund
  3297 | D:4      | Killed Sigmund
  3297 | D:4      | Reached skill level 5 in Fighting
  3297 | D:4      | Reached skill level 6 in Axes
  3405 | D:4      | Noticed Grinder
  3427 | D:4      | Killed Grinder
  3427 | D:4      | Reached skill level 7 in Axes
  3427 | D:4      | Reached XP level 7. HP: 40/61 MP: 3/6
  3558 | D:4      | Reached skill level 5 in Armour
  4020 | D:4      | Reached XP level 8. HP: 61/70 MP: 4/7
  4156 | D:4      | Found a blossoming altar of Fedhas.
  4202 | D:4      | Reached skill level 5 in Dodging
  4523 | D:5      | Entered Level 5 of the Dungeon
  4547 | D:5      | Reached skill level 8 in Axes
  4811 | D:5      | Noticed Menkaure
  4819 | D:5      | Killed Menkaure
  5079 | D:5      | Reached skill level 9 in Axes
  5141 | D:5      | Found a stormy altar of Qazlal.
  5301 | D:5      | Found a shimmering altar of Xom.
  6323 | D:6      | Reached XP level 9. HP: 55/79 MP: 4/8
  6550 | D:6      | Noticed Dowan
  6551 | D:6      | Noticed Duvessa
  6559 | D:6      | Killed Dowan
  6568 | D:6      | Killed Duvessa
  6738 | D:6      | Reached skill level 10 in Axes
  7014 | D:6      | Noticed Edmund
  7036 | D:6      | Killed Edmund
  7293 | D:7      | Found a staircase to the Ecumenical Temple.
  7556 | D:7      | Found an ancient bone altar of Kikubaaqudgha.
  7563 | D:7      | Found a burning altar of Makhleb.
  7567 | D:7      | Found an iron altar of Okawaru.
  7627 | D:7      | Found an opulent altar of Gozag.
  7632 | D:7      | Found a shadowy altar of Dithmenos.
  7896 | D:8      | Noticed Psyche
  7900 | D:8      | Killed Psyche
  7936 | D:8      | Reached skill level 11 in Axes
  8156 | D:8      | Noticed Prince Ribbit
  8160 | D:8      | Noticed Maurice
  8163 | D:8      | Killed Prince Ribbit
  8177 | D:8      | Killed Maurice
  8177 | D:8      | Reached XP level 10. HP: 58/90 MP: 9/9
  8686 | D:8      | Reached **** piety under Trog
  9310 | D:9      | Reached skill level 12 in Axes
  9550 | D:9      | Noticed a two-headed ogre
  9566 | D:9      | Killed a two-headed ogre
  9566 | D:9      | Reached XP level 11. HP: 42/99 MP: 4/10
  9856 | D:9      | Reached skill level 13 in Axes
 10379 | D:9      | Reached skill level 10 in Fighting
 10386 | D:9      | Found a sacrificial altar of Ru.
 10401 | D:10     | Entered Level 10 of the Dungeon
 10420 | D:10     | Noticed a two-headed ogre
 10455 | D:9      | Killed a two-headed ogre
 10457 | D:9      | Reached skill level 10 in Armour
 10579 | D:9      | Identified a scroll of acquirement
 10941 | D:10     | Reached ***** piety under Trog
 11113 | D:10     | Reached skill level 14 in Axes
 11222 | D:10     | Found Kecliqud's Distillery.
 11494 | D:10     | Found a staircase to the Lair.
 11955 | D:11     | Noticed a skeletal warrior
 11994 | D:11     | Killed a skeletal warrior
 12124 | D:11     | Noticed a death knight
 12138 | D:11     | Reached skill level 10 in Dodging
 12138 | D:11     | Reached XP level 12. HP: 52/110 MP: 4/11
 12143 | D:11     | Killed a death knight
 12480 | Lair:1   | Entered Level 1 of the Lair of Beasts
 12611 | Lair:1   | Received a gift from Trog
 12944 | Lair:1   | Reached skill level 15 in Axes
 13494 | Lair:2   | Reached skill level 1 in Evocations
 13502 | Lair:2   | Noticed an eight-headed hydra
 13525 | Lair:2   | Killed an eight-headed hydra
 13806 | Lair:2   | Upgraded the game from 0.22-b1-26-g9dbaab1 to 0.22-b1-59-g0aedee7
 13828 | Lair:2   | Received a gift from Trog
 13854 | Lair:2   | Noticed Urug
 13864 | Lair:2   | Killed Urug
 15290 | Lair:3   | Found a staircase to the Snake Pit.
 15306 | Lair:3   | Noticed a four-headed hydra
 15316 | Lair:3   | Killed a four-headed hydra
 15622 | Lair:4   | Noticed a four-headed hydra
 15674 | Lair:4   | Killed a four-headed hydra
 15674 | Lair:4   | Reached XP level 13. HP: 118/118 MP: 12/14
 15675 | Lair:4   | Reached skill level 16 in Axes
 16167 | Lair:4   | Found a staircase to the Swamp.
 17495 | Lair:5   | Received a gift from Trog
 18498 | Lair:6   | Entered Level 6 of the Lair of Beasts
 18550 | Lair:6   | Noticed Josephine
 18968 | Lair:5   | Reached skill level 17 in Axes
 19119 | Lair:6   | Killed Josephine
 19300 | Lair:5   | Reached skill level 5 in Evocations
 19679 | Lair:6   | Found a runed door.
 19679 | Lair:6   | Found a viscous altar of Jiyva.
 19680 | Lair:6   | Noticed an acid blob
 19683 | Lair:6   | Found a staircase to the Slime Pits.
 19683 | Lair:6   | Noticed an acid blob
 19765 | Lair:6   | Reached XP level 14. HP: 127/127 MP: 16/16
 19767 | Lair:6   | Received a gift from Trog
 19772 | Lair:6   | Got a crystal battleaxe {god gift}
 19773 | Lair:6   | Identified the +5 battleaxe "Haatt" {flame, Dex+2} (Trog gifted it to you on level 6 of the Lair of Beasts)
 21287 | Lair:6   | Found a glowing golden altar of the Shining One.
 21756 | D:11     | Found Uxir's Armour Shoppe.
 22026 | D:10     | Reached skill level 18 in Axes
 22044 | D:11     | Received a gift from Trog
 22173 | D:11     | Bought a +2 chain mail of poison resistance for 222 gold pieces
 22211 | D:11     | Found a portal to a secret trove of treasure.
 23039 | D:12     | Found a runed gate.
 23039 | D:12     | Found a runed gate.
 23039 | D:12     | Found a runed gate.
 23051 | D:12     | Noticed Wucierhi's ghost (journeyman DEFE)
 23068 | D:12     | Killed Wucierhi's ghost
 23588 | D:12     | Received a gift from Trog
 23608 | D:12     | Found a staircase to the Orcish Mines.
 23745 | D:12     | Found an iron altar of Okawaru.
 24534 | Orc:1    | Entered Level 1 of the Orcish Mines
 24571 | D:12     | Received a gift from Trog
 25122 | Orc:2    | Entered Level 2 of the Orcish Mines
 25195 | Orc:2    | Found Zuaxiwn's Antique Armour Shoppe.
 25405 | Orc:1    | Reached XP level 15. HP: 137/137 MP: 19/19
 25629 | Orc:2    | Received a gift from Trog
 25962 | Orc:2    | Noticed Nessos
 25989 | Orc:2    | Killed Nessos
 26435 | Orc:2    | Reached ****** piety under Trog
 26438 | Orc:2    | Found Xisiw's Book Shoppe.
 26438 | Orc:2    | Found Zech's General Store.
 26496 | Orc:2    | Found Idag's Antique Weapon Shop.
 26496 | Orc:2    | Found Veif's Food Shoppe.
 26534 | Orc:2    | Found a staircase to the Elven Halls.
 27159 | Swamp:1  | Entered Level 1 of the Swamp
 27286 | Swamp:1  | Reached skill level 19 in Axes
 27803 | Swamp:1  | Found a runed door.
 28857 | Swamp:1  | Received a gift from Trog
 28934 | Swamp:1  | Cast into level 3 of the Abyss (apocalypse crab)
 28974 | Abyss:3  | Gained mutation: Armour fits poorly on your strangely shaped body. [a neqoxec]
 28976 | Abyss:3  | Lost intelligence.
 28978 | Abyss:3  | Gained mutation: Your body sometimes deteriorates upon taking damage. [a neqoxec]
 29050 | Abyss:3  | Noticed a lich
 29055 | Abyss:3  | Killed a lich
 29056 | Abyss:3  | Killed from afar by a vampire mage

Skill      XL: |  1  2  3  4  5  6  7  8  9 10 11 12 13 14 15 |
---------------+----------------------------------------------+-----
Axes           | 4 5 7 9 11 12 14 15 17 18 19 | 19.6
Fighting       | 4 5 6 7 8 9 11 12 13 14 | 14.7
Armour         | 3 4 5 6 8 9 10 11 12 13 14 | 14.6
Dodging        | 3 4 6 7 8 10 11 12 13 | 13.5
Evocations     | 3 5 6 8 |  8.0

Action                   |  1- 3 |  4- 6 |  7- 9 | 10-12 | 13-15 || total
-------------------------+-------+-------+-------+-------+-------++-------
Melee: Hand axe          |    60 |   157 |   277 |       |       ||   494
       Headbutt          |     7 |    23 |    81 |   158 |   272 ||   541
       War axe           |       |       |    45 |   555 |    95 ||   695
       Morningstar       |       |       |       |    49 |    31 ||    80
       Broad axe         |       |       |       |       |   180 ||   180
       Battleaxe         |       |       |       |       |   780 ||   780
 Fire: Shortbow          |       |       |       |     2 |       ||     2
Throw: Tomahawk          |       |    10 |    65 |    48 |     1 ||   124
       Stone             |       |       |       |     2 |       ||     2
       Javelin           |       |       |       |    17 |    51 ||    68
Invok: Berserk           |       |     1 |     1 |     8 |    10 ||    20
       Trog's Hand       |       |     2 |     7 |     8 |     3 ||    20
Evoke: Wand              |       |       |       |       |     3 ||     3
  Use: Scroll            |       |       |    22 |     4 |     9 ||    35
  Eat: Chunk             |     1 |     8 |    11 |    24 |    43 ||    87
       Ration            |       |       |     3 |     3 |     4 ||    10
Armor: Animal skin       |     5 |       |       |       |       ||     5
       Leather armour    |    20 |       |       |       |       ||    20
       Ring mail         |     6 |       |       |       |       ||     6
       Plate armour      |       |    66 |   180 |   425 |       ||   671
       Scale mail        |       |     6 |       |    37 |   383 ||   426
       Chain mail        |       |       |       |       |   163 ||   163
Dodge: Dodged            |    57 |    64 |   120 |   386 |   824 ||  1451
